Kraken vs Rangers

Created - 16 novembre 2023 at 20:35

Goals
1 2 3 OT1 T
Kraken 0 1 1 1 3
Rangers 1 0 1 0 2
Shots
1 2 3 OT1 T
Kraken 13 13 5 2 33
Rangers 16 3 17 6 42

GoalsPenalties
1st period
1. Rangers , Chandler Stephenson 5 (Roope Hintz 10, Kyle Connor 8) at 13:11 (PP)
Brandon Montour (SEA) for High sticking (Minor) at 12:46
2nd period
2. Kraken , Luke Evangelista 3 (Matias Maccelli 5, Jesperi Kotkaniemi 4) at 4:37
Tanner Pearson (SEA) for Roughing (Minor) at 5:45
Carter Verhaeghe (NYR) for Tripping (Minor) at 14:27
3rd period
3. Kraken , Tanner Pearson 1 (Kris Letang 8, Matias Maccelli 6) at 0:52
4. Rangers , Carter Verhaeghe 8 (Nick Jensen 1, Alexander Barabanov 12) at 2:18
Peyton Krebs (SEA) for Tripping (Minor) at 6:22
Rasmus Andersson (NYR) for Holding (Minor) at 19:12
Overtime #1
5. Kraken , Jack Hughes 3 (Kirill Kaprizov 6, Kris Letang 9) at 2:40
No Penalty
Goalie Stats
Laurent Brossoit (SEA), 40 saves from 42 shots - (0,952), W, 3-1-0, 62:40 minutes
Frederik Andersen (NYR), 30 saves from 33 shots - (0,909), OTL, 8-2-2, 62:40 minutes
3 StarsOfficial
1 - Laurent Brossoit (SEA)
2 - Kris Letang (SEA)
3 - Luke Evangelista (SEA)
Referees : Mike Duco and Kendrick Nicholson
Linesman : Steven Walsh and Brian Mach
Game Note
No Game Note
Finance
Level 1 -- Attendance: 6000 (100,00%) -- Ticket Income $600,000
Level 2 -- Attendance: 5000 (100,00%) -- Ticket Income $300,000
Level 3 -- Attendance: 1919 (95,95%) -- Ticket Income $67,165
Level 4 -- Attendance: 3675 (91,88%) -- Ticket Income $73,500
Luxury Box -- Attendance: 1000 (100,00%) -- Ticket Income $200,000
Game was played at the Blue Shirt Stadium.
Total Attendance: 17594 (97,74%)
Total Ticket Income: $1,240,665
Other Income: $607,926
Total Income: $1,848,591



Team Name Goals Shots Shots Attemp Shots Blocked PIM HIT PP PK FO%
Kraken 33352156210 / 2 (0%)144%
Rangers 24276104241 / 3 (33%)056%

Kraken
Player Name POS G A P +/- PIM HIT SHT SB MP PP MP PP SHT PK MP PK SHT FO% FOT GA TA
Brandon MontourD0000231123:351:5900:1800% 000
Cole CaufieldLW/RW000-1022117:481:1000:0000% 000
Conor ShearyC/LW/RW0001002012:540:1502:0500% 010
Erik HaulaC/LW0000000115:180:0002:23047% 1500
Jack HughesC/LW1010014019:591:1001:13044% 2700
Jan RuttaD0000011218:250:0001:2100% 000
Jesperi KotkaniemiC/LW0111033015:370:1501:11038% 800
Jon MerrillD0001000217:090:0001:0900% 000
Jonathan MarchessaultC/LW/RW0000022014:451:2100:0000% 001
Jordan KyrouC/RW0000012014:451:2100:0000% 010
Kirill KaprizovLW/RW0110044218:551:1010:1500% 000
Kris LetangD0221012125:011:5903:0200% 000
Luke EvangelistaRW1011014113:320:0000:0000% 010
Marcus PetterssonD0000021222:410:4702:5600% 000
Matias MaccelliC/LW/RW0221003016:531:3601:0900% 111
Nick BlankenburgD0001000217:420:4700:0000% 001
Peyton KrebsC/LW0001200010:290:0000:300100% 100
Tanner PearsonLW/RW1011202010:000:0000:0000% 000
Rangers
Player Name POS G A P +/- PIM HIT SHT SB MP PP MP PP SHT PK MP PK SHT FO% FOT GA TA
Adam PelechD000-1011422:170:0002:2900% 000
Adam RuzickaC/LW/RW000000109:120:0000:0000% 100
Alexander BarabanovLW/RW0111025019:091:5700:0000% 010
Arthur KaliyevLW/RW000-2002010:500:1200:000100% 100
Ben HarpurD000-1011113:010:0000:0000% 000
Carter VerhaegheC/LW1011227019:131:5700:0000% 001
Chandler StephensonC/LW/RW1010034018:541:5310:36073% 2200
Dakota JoshuaC/LW000002019:460:0000:2900% 001
David KampfC/RW000-2002013:450:3302:32071% 700
Erik KarlssonD000-1010124:182:2801:2900% 000
Kyle ConnorC/LW011-1003019:381:5900:31033% 300
Nazem KadriC/LW/RW0000074119:251:5700:00029% 1700
Nick JensenD0110001024:541:5502:2900% 001
Noah DobsonD000-1012016:031:5500:4300% 000
Philip TomasinoC/LW/RW000-2012010:220:0000:000100% 100
Rasmus AnderssonD0001223224:042:2800:4600% 010
Roope HintzC/LW/RW0110004018:541:4900:5000% 010
Tyler MotteC/LW/RW0000010012:090:5201:4600% 001

Kraken

5 vs 5 Forward
Line #Left WingCenterRight WingPHYDFOFWanted %Time %Time Play
1Kirill KaprizovJack HughesCole Caufield0143332%16:42
2Jonathan MarchessaultErik HaulaJordan Kyrou0143024%12:42
3Luke EvangelistaJesperi KotkaniemiMatias Maccelli0232726%13:32
4Tanner PearsonPeyton KrebsConor Sheary1221019%9:55
5 vs 5 Defense
Line #DefenseDefensePHYDFOFWanted %Time %Time Play
1Kris LetangJan Rutta0233534%17:45
2Marcus PetterssonBrandon Montour0233534%17:44
3Nick BlankenburgJon Merrill1222730%15:49
4Kris LetangBrandon Montour12233%1:33
Power Play Forward
Line #Left WingCenterRight WingPHYDFOFWanted %Time %Time Play
1Kirill KaprizovJack HughesCole Caufield0055342%1:10
2Matias MaccelliJonathan MarchessaultJordan Kyrou0054758%1:36
Power Play Defense
Line #DefenseDefensePHYDFOFWanted %Time %Time Play
1Kris LetangBrandon Montour0235372%1:59
2Marcus PetterssonNick Blankenburg0234728%0:47
Penalty Kill 4 Players Forward
Line #CenterWingPHYDFOFWanted %Time %Time Play
1Erik HaulaConor Sheary1226075%3:18
2Jesperi KotkaniemiPeyton Krebs1224025%1:05
Penalty Kill 4 Players Defense
Line #DefenseDefensePHYDFOFWanted %Time %Time Play
1Kris LetangMarcus Pettersson1226069%3:02
2Marcus PetterssonJan Rutta1224031%1:21
Penalty Kill 3 Players
Line #WingPHYDFOFWanted %Time %Time PlayDefenseDefensePHYDFOFWanted %Time %Time Play
1Erik Haula122600%0:00 Marcus PetterssonJan Rutta122600%0:00
2Jesperi Kotkaniemi122400%0:00 Kris LetangNick Blankenburg122400%0:00
4 vs 4 Forward
Line #CenterWingPHYDFOFWanted %Time %Time Play
1Jack HughesKirill Kaprizov0145053%0:38
2Jordan KyrouJonathan Marchessault0145047%0:34
4 vs 4 Defense
Line #DefensePHYDFOFWanted %Time %Time Play
1Kris LetangBrandon Montour0235049%50% - 0:35
2Marcus PetterssonNick Blankenburg0235051%50% - 0:37
Last Minutes Offensive
Left WingCenterRight WingDefenseDefense
Kirill KaprizovJack HughesJordan KyrouKris LetangBrandon Montour
Last Minutes Defensive
Left WingCenterRight WingDefenseDefense
Kirill KaprizovJack HughesJordan KyrouKris LetangBrandon Montour
Time
Total ForwardTotal DefenseLast Minutes OffensiveLast Minutes Defensive
61:12 61:12 0:000:00
Extra Forwards
Normal PowerPlayPenalty Kill
Conor Sheary, Jesperi Kotkaniemi, Matias MaccelliConor Sheary, Jesperi KotkaniemiMatias Maccelli
Extra Defensemen
Normal PowerPlayPenalty Kill
Nick Blankenburg, Jon Merrill, Marcus PetterssonNick Blankenburg, Jon MerrillMarcus Pettersson
Penalty Shots
Kirill Kaprizov, Jack Hughes, Jordan Kyrou, Jonathan Marchessault, Erik Haula
Goalie
Laurent Brossoit, Igor Shesterkin
Custom OT Lines Forwards
Kirill Kaprizov, Jack Hughes, Jordan Kyrou, Jonathan Marchessault, Erik Haula, Cole Caufield, Conor Sheary, Jesperi Kotkaniemi, Matias Maccelli, Luke Evangelista
Custom OT Lines Defensemen
Kris Letang, Brandon Montour, Marcus Pettersson, Jan Rutta, Nick Blankenburg
Scratches
Lias Andersson (Healthy), Danton Heinen (Healthy)

Rangers

5 vs 5 Forward
Line #Left WingCenterRight WingPHYDFOFWanted %Time %Time Play
1Kyle ConnorChandler StephensonRoope Hintz0143631%16:34
2Carter VerhaegheNazem KadriAlexander Barabanov0143432%16:43
3Philip TomasinoDavid KampfArthur Kaliyev0232320%10:22
4Dakota JoshuaAdam RuzickaTyler Motte041717%9:12
5 vs 5 Defense
Line #DefenseDefensePHYDFOFWanted %Time %Time Play
1Erik KarlssonAdam Pelech0414037%19:34
2Rasmus AnderssonNick Jensen0414038%19:52
3Noah DobsonBen Harpur0412025%13:01
4Nick JensenAdam Pelech04101%0:24
Power Play Forward
Line #Left WingCenterRight WingPHYDFOFWanted %Time %Time Play
1Kyle ConnorChandler StephensonRoope Hintz0145552%2:17
2Carter VerhaegheNazem KadriAlexander Barabanov0144548%2:06
Power Play Defense
Line #DefenseDefensePHYDFOFWanted %Time %Time Play
1Erik KarlssonRasmus Andersson0236056%2:28
2Nick JensenNoah Dobson0234044%1:55
Penalty Kill 4 Players Forward
Line #CenterWingPHYDFOFWanted %Time %Time Play
1David KampfTyler Motte0506083%2:17
2Chandler StephensonDakota Joshua0504017%0:29
Penalty Kill 4 Players Defense
Line #DefenseDefensePHYDFOFWanted %Time %Time Play
1Adam PelechNick Jensen0506069%1:54
2Erik KarlssonRasmus Andersson0504031%0:52
Penalty Kill 3 Players
Line #WingPHYDFOFWanted %Time %Time PlayDefenseDefensePHYDFOFWanted %Time %Time Play
1David Kampf0506090%1:05 Adam PelechNick Jensen0506049%0:35
2Chandler Stephenson0504010%0:07 Erik KarlssonRasmus Andersson0504051%0:37
4 vs 4 Forward
Line #CenterWingPHYDFOFWanted %Time %Time Play
1Nazem KadriRoope Hintz032550%0:00
2Chandler StephensonKyle Connor032450%0:00
4 vs 4 Defense
Line #DefensePHYDFOFWanted %Time %Time Play
1Nick JensenRasmus Andersson032600%0:00
2Adam PelechErik Karlsson032400%0:00
Last Minutes Offensive
Left WingCenterRight WingDefenseDefense
Kyle ConnorChandler StephensonRoope HintzErik KarlssonRasmus Andersson
Last Minutes Defensive
Left WingCenterRight WingDefenseDefense
Tyler MotteDavid KampfDakota JoshuaAdam PelechNick Jensen
Time
Total ForwardTotal DefenseLast Minutes OffensiveLast Minutes Defensive
61:12 61:12 0:000:00
Extra Forwards
Normal PowerPlayPenalty Kill
Nazem Kadri, Roope Hintz, Chandler StephensonCarter Verhaeghe, Chandler StephensonRoope Hintz
Extra Defensemen
Normal PowerPlayPenalty Kill
Adam Pelech, Nick Jensen, Erik KarlssonNoah Dobson, Erik KarlssonNick Jensen
Penalty Shots
Nazem Kadri, Roope Hintz, David Kampf, Kyle Connor, Chandler Stephenson
Goalie
Frederik Andersen, Philipp Grubauer
Custom OT Lines Forwards
Kyle Connor, Nazem Kadri, Carter Verhaeghe, Alexander Barabanov, Roope Hintz, Philip Tomasino, Chandler Stephenson, David Kampf, Arthur Kaliyev, Tyler Motte
Custom OT Lines Defensemen
Rasmus Andersson, Nick Jensen, Adam Pelech, Erik Karlsson, Noah Dobson
Scratches
Jordan Oesterle (Healthy), Sheldon Dries (Healthy), Dylan Samberg (Healthy)


Play-by-Play

1st period


0:01 of 1st period - Chandler Stephenson wins face-off versus Jack Hughes in neutral zone.
0:08 of 1st period - Slapshot by Kirill Kaprizov.
0:08 of 1st period - Shot Blocked by Adam Pelech.
0:10 of 1st period - Snap shot by Kris Letang.
0:10 of 1st period - Deflect By Jack Hughes.
0:10 of 1st period - Shot Misses the Net.
0:10 of 1st period - Puck is out of play.
0:11 of 1st period - Nazem Kadri wins face-off versus Erik Haula in Rangers zone.
0:38 of 1st period - David Kampf is hit by Marcus Pettersson and loses puck.
2:46 of 1st period - Snap shot by Carter Verhaeghe.
2:46 of 1st period - Stopped by Laurent Brossoit with a rebound.
2:50 of 1st period - Wrist shot by Alexander Barabanov.
2:50 of 1st period - Stopped by Laurent Brossoit with a rebound.
2:52 of 1st period - Slapshot by Erik Karlsson.
2:52 of 1st period - Shot Blocked by Kirill Kaprizov.
2:54 of 1st period - Wrist shot by Alexander Barabanov.
2:54 of 1st period - Shot Blocked by Kris Letang.
3:14 of 1st period - Snap shot by Carter Verhaeghe.
3:14 of 1st period - Stopped by Laurent Brossoit without a rebound.
3:15 of 1st period - Chandler Stephenson wins face-off versus Jesperi Kotkaniemi in Kraken zone.
4:03 of 1st period - Wrist shot by Adam Ruzicka.
4:03 of 1st period - Shot Blocked by Nick Blankenburg.
4:09 of 1st period - Snap shot by Noah Dobson.
4:09 of 1st period - Shot Blocked by Jon Merrill.
5:19 of 1st period - Snap shot by Jack Hughes.
5:19 of 1st period - Deflect By Rasmus Andersson.
5:19 of 1st period - Stopped by Frederik Andersen with a rebound.
5:21 of 1st period - Slapshot by Marcus Pettersson.
5:21 of 1st period - Stopped by Frederik Andersen with a rebound.
5:29 of 1st period - Wrist shot by Jordan Kyrou.
5:29 of 1st period - Stopped by Frederik Andersen without a rebound.
5:30 of 1st period - David Kampf wins face-off versus Jesperi Kotkaniemi in Rangers zone.
5:46 of 1st period - Slapshot by Luke Evangelista.
5:46 of 1st period - Stopped by Frederik Andersen with a rebound.
5:56 of 1st period - Adam Pelech is hit by Brandon Montour and loses puck.
6:01 of 1st period - Snap shot by Jack Hughes.
6:01 of 1st period - Shot Misses the Net.
6:03 of 1st period - Snap shot by Cole Caufield.
6:03 of 1st period - Stopped by Frederik Andersen with a rebound.
6:05 of 1st period - Wrist shot by Jan Rutta.
6:05 of 1st period - Stopped by Frederik Andersen without a rebound.
6:06 of 1st period - Chandler Stephenson wins face-off versus Erik Haula in Rangers zone.
6:13 of 1st period - Wrist shot by Roope Hintz.
6:13 of 1st period - Stopped by Laurent Brossoit with a rebound.
6:15 of 1st period - Snap shot by Chandler Stephenson.
6:15 of 1st period - Stopped by Laurent Brossoit without a rebound.
6:16 of 1st period - Chandler Stephenson wins face-off versus Erik Haula in Kraken zone.
6:19 of 1st period - Backhand shot by Roope Hintz.
6:19 of 1st period - Shot Blocked by Erik Haula.
6:21 of 1st period - Snap shot by Kyle Connor.
6:21 of 1st period - Shot Blocked by Jan Rutta.
6:23 of 1st period - Slapshot by Ben Harpur.
6:23 of 1st period - Stopped by Laurent Brossoit without a rebound.
6:24 of 1st period - Chandler Stephenson wins face-off versus Jack Hughes in Kraken zone.
6:25 of 1st period - Slapshot by Roope Hintz.
6:25 of 1st period - Stopped by Laurent Brossoit without a rebound.
6:26 of 1st period - Chandler Stephenson wins face-off versus Jack Hughes in Kraken zone.
6:27 of 1st period - Slapshot by Kyle Connor.
6:27 of 1st period - Shot Blocked by Kirill Kaprizov.
6:29 of 1st period - Backhand shot by Rasmus Andersson.
6:29 of 1st period - Stopped by Laurent Brossoit without a rebound.
6:30 of 1st period - Jack Hughes wins face-off versus Kyle Connor in Kraken zone.
7:45 of 1st period - Brandon Montour is hit by Dakota Joshua and loses puck.
8:44 of 1st period - Snap shot by Arthur Kaliyev.
8:44 of 1st period - Stopped by Laurent Brossoit with a rebound.
8:46 of 1st period - Slapshot by David Kampf.
8:46 of 1st period - Stopped by Laurent Brossoit with a rebound.
8:48 of 1st period - Wrist shot by David Kampf.
8:48 of 1st period - Stopped by Laurent Brossoit without a rebound.
8:49 of 1st period - Erik Haula wins face-off versus Nazem Kadri in Kraken zone.
8:56 of 1st period - Wrist shot by Jonathan Marchessault.
8:56 of 1st period - Shot Blocked by Nazem Kadri.
8:58 of 1st period - Slapshot by Jon Merrill.
8:58 of 1st period - Shot Blocked by Rasmus Andersson.
9:00 of 1st period - Snap shot by Erik Haula.
9:00 of 1st period - Shot Blocked by Rasmus Andersson.
9:02 of 1st period - Snap shot by Jonathan Marchessault.
9:02 of 1st period - Stopped by Frederik Andersen without a rebound.
9:03 of 1st period - Chandler Stephenson wins face-off versus Jack Hughes in Rangers zone.
9:14 of 1st period - Snap shot by Kyle Connor.
9:14 of 1st period - Shot Misses the Net.
9:16 of 1st period - Backhand shot by Nick Jensen.
9:16 of 1st period - Shot Blocked by Jan Rutta.
9:18 of 1st period - Slapshot by Nick Jensen.
9:18 of 1st period - Deflect By Kyle Connor.
9:18 of 1st period - Stopped by Laurent Brossoit without a rebound.
9:19 of 1st period - Jesperi Kotkaniemi wins face-off versus Nazem Kadri in Kraken zone.
9:19 of 1st period - Jesperi Kotkaniemi is hit by Rasmus Andersson.
9:55 of 1st period - Snap shot by Jonathan Marchessault.
9:55 of 1st period - Stopped by Frederik Andersen without a rebound.
9:56 of 1st period - Jack Hughes wins face-off versus David Kampf in Rangers zone.
10:05 of 1st period - Wrist shot by Kirill Kaprizov.
10:05 of 1st period - Shot Blocked by Adam Pelech.
11:05 of 1st period - Wrist shot by Tanner Pearson.
11:05 of 1st period - Shot Misses the Net.
11:07 of 1st period - Backhand shot by Tanner Pearson.
11:07 of 1st period - Deflect By Conor Sheary.
11:07 of 1st period - Stopped by Frederik Andersen with a rebound.
11:25 of 1st period - Wrist shot by Arthur Kaliyev.
11:25 of 1st period - Stopped by Laurent Brossoit without a rebound.
11:26 of 1st period - Jack Hughes wins face-off versus David Kampf in Kraken zone.
11:35 of 1st period - Slapshot by Jack Hughes.
11:35 of 1st period - Deflect By Cole Caufield.
11:35 of 1st period - Shot Misses the Net.
11:35 of 1st period - Puck is out of play.
11:36 of 1st period - Chandler Stephenson wins face-off versus Jack Hughes in Rangers zone.
11:51 of 1st period - Wrist shot by Chandler Stephenson.
11:51 of 1st period - Stopped by Laurent Brossoit without a rebound.
11:52 of 1st period - Erik Haula wins face-off versus Nazem Kadri in Kraken zone.
11:52 of 1st period - Erik Haula is hit by Carter Verhaeghe.
11:58 of 1st period - Slapshot by Jonathan Marchessault.
11:58 of 1st period - Shot Blocked by Adam Pelech.
12:18 of 1st period - Jan Rutta is hit by Erik Karlsson and loses puck.
12:27 of 1st period - Snap shot by Arthur Kaliyev.
12:27 of 1st period - Deflect By Philip Tomasino.
12:27 of 1st period - Shot Misses the Net.
12:27 of 1st period - Puck is out of play.
12:28 of 1st period - Jesperi Kotkaniemi wins face-off versus Chandler Stephenson in Kraken zone.
12:46 of 1st period - Minor Penalty to Brandon Montour for High sticking.
12:47 of 1st period - Erik Haula wins face-off versus Chandler Stephenson in Kraken zone.
12:54 of 1st period - Off-side.
12:55 of 1st period - Erik Haula wins face-off versus Chandler Stephenson in neutral zone.
13:11 of 1st period - Snap shot by Chandler Stephenson.
13:11 of 1st period - Goal by Chandler Stephenson - Kraken : 0 - Rangers : 1.
13:12 of 1st period - Jack Hughes wins face-off versus Nazem Kadri in neutral zone.
13:15 of 1st period - Adam Pelech is hit by Kirill Kaprizov and loses puck.
13:51 of 1st period - Snap shot by Jordan Kyrou.
13:51 of 1st period - Shot Blocked by Adam Pelech.
13:56 of 1st period - Off-side.
13:57 of 1st period - Chandler Stephenson wins face-off versus Jesperi Kotkaniemi in neutral zone.
14:47 of 1st period - Dakota Joshua is hit by Jesperi Kotkaniemi.
15:57 of 1st period - Snap shot by Adam Ruzicka.
15:57 of 1st period - Stopped by Laurent Brossoit with a rebound.
16:46 of 1st period - Wrist shot by Jesperi Kotkaniemi.
16:46 of 1st period - Stopped by Frederik Andersen with a rebound.
17:23 of 1st period - Off-side.
17:24 of 1st period - Kyle Connor wins face-off versus Jack Hughes in neutral zone.
17:34 of 1st period - Chandler Stephenson is hit by Jan Rutta.
17:57 of 1st period - Slapshot by Jordan Kyrou.
17:57 of 1st period - Stopped by Frederik Andersen with a rebound.
17:59 of 1st period - Slapshot by Kris Letang.
17:59 of 1st period - Stopped by Frederik Andersen without a rebound.
18:00 of 1st period - Jack Hughes wins face-off versus Chandler Stephenson in Rangers zone.
18:03 of 1st period - Wrist shot by Kirill Kaprizov.
18:03 of 1st period - Stopped by Frederik Andersen without a rebound.
18:04 of 1st period - Jack Hughes wins face-off versus Chandler Stephenson in Rangers zone.
18:17 of 1st period - Slapshot by Roope Hintz.
18:17 of 1st period - Shot Misses the Net.
19:45 of 1st period - Snap shot by Kyle Connor.
19:45 of 1st period - Shot Misses the Net.
19:51 of 1st period - Roope Hintz is hit by Brandon Montour and loses puck.
Goals for this period are 0 for Kraken vs 1 for Rangers.
Shots for this period are 13 for Kraken vs 16 for Rangers.

2nd period


0:01 of 2nd period - Erik Haula wins face-off versus Nazem Kadri in neutral zone.
0:39 of 2nd period - Wrist shot by Kirill Kaprizov.
0:39 of 2nd period - Shot Misses the Net.
1:12 of 2nd period - Off-side.
1:13 of 2nd period - Peyton Krebs wins face-off versus Adam Ruzicka in neutral zone.
1:22 of 2nd period - Slapshot by Kris Letang.
1:22 of 2nd period - Stopped by Frederik Andersen without a rebound.
1:23 of 2nd period - Erik Haula wins face-off versus Nazem Kadri in Rangers zone.
3:17 of 2nd period - Wrist shot by Kirill Kaprizov.
3:17 of 2nd period - Shot Misses the Net.
3:19 of 2nd period - Snap shot by Jack Hughes.
3:19 of 2nd period - Stopped by Frederik Andersen with a rebound.
4:09 of 2nd period - Wrist shot by Jesperi Kotkaniemi.
4:09 of 2nd period - Stopped by Frederik Andersen with a rebound.
4:27 of 2nd period - Backhand shot by Luke Evangelista.
4:27 of 2nd period - Stopped by Frederik Andersen with a rebound.
4:29 of 2nd period - Backhand shot by Jesperi Kotkaniemi.
4:29 of 2nd period - Stopped by Frederik Andersen with a rebound.
4:31 of 2nd period - Snap shot by Jesperi Kotkaniemi.
4:31 of 2nd period - Shot Blocked by Ben Harpur.
4:35 of 2nd period - Wrist shot by Luke Evangelista.
4:35 of 2nd period - Deflect By Matias Maccelli.
4:35 of 2nd period - Stopped by Frederik Andersen with a rebound.
4:37 of 2nd period - Wrist shot by Luke Evangelista.
4:37 of 2nd period - Goal by Luke Evangelista - Kraken : 1 - Rangers : 1.
4:38 of 2nd period - Jack Hughes wins face-off versus Nazem Kadri in neutral zone.
4:52 of 2nd period - Nick Jensen is hit by Marcus Pettersson and loses puck.
4:55 of 2nd period - Snap shot by Carter Verhaeghe.
4:55 of 2nd period - Shot Blocked by Marcus Pettersson.
5:36 of 2nd period - Snap shot by Tanner Pearson.
5:36 of 2nd period - Stopped by Frederik Andersen with a rebound.
5:45 of 2nd period - Minor Penalty to Tanner Pearson for Roughing.
5:46 of 2nd period - Chandler Stephenson wins face-off versus Erik Haula in Kraken zone.
7:45 of 2nd period - Penalty to Tanner Pearson is over, Tanner Pearson is back on ice.
7:58 of 2nd period - Slapshot by Erik Karlsson.
7:58 of 2nd period - Shot Blocked by Nick Blankenburg.
8:00 of 2nd period - Slapshot by Philip Tomasino.
8:00 of 2nd period - Stopped by Laurent Brossoit with a rebound.
8:02 of 2nd period - Slapshot by Erik Karlsson.
8:02 of 2nd period - Deflect By Philip Tomasino.
8:02 of 2nd period - Stopped by Laurent Brossoit with a rebound.
8:04 of 2nd period - Slapshot by Adam Pelech.
8:04 of 2nd period - Stopped by Laurent Brossoit with a rebound.
8:16 of 2nd period - Ben Harpur is hit by Jesperi Kotkaniemi and loses puck.
8:38 of 2nd period - Arthur Kaliyev is hit by Jonathan Marchessault and loses puck.
9:42 of 2nd period - Nick Jensen is hit by Brandon Montour and loses puck.
10:59 of 2nd period - Wrist shot by Matias Maccelli.
10:59 of 2nd period - Shot Misses the Net.
11:11 of 2nd period - Jon Merrill is hit by Chandler Stephenson.
12:07 of 2nd period - Chandler Stephenson is hit by Cole Caufield and loses puck.
12:24 of 2nd period - Jon Merrill is hit by Alexander Barabanov and loses puck.
12:53 of 2nd period - Noah Dobson is hit by Kris Letang and loses puck.
13:06 of 2nd period - Snap shot by Jesperi Kotkaniemi.
13:06 of 2nd period - Shot Blocked by Dakota Joshua.
13:08 of 2nd period - Snap shot by Brandon Montour.
13:08 of 2nd period - Stopped by Frederik Andersen with a rebound.
13:14 of 2nd period - Slapshot by Luke Evangelista.
13:14 of 2nd period - Stopped by Frederik Andersen without a rebound.
13:15 of 2nd period - Nazem Kadri wins face-off versus Jack Hughes in Rangers zone.
14:14 of 2nd period - Snap shot by Conor Sheary.
14:14 of 2nd period - Stopped by Frederik Andersen without a rebound.
14:15 of 2nd period - Nazem Kadri wins face-off versus Jack Hughes in Rangers zone.
14:27 of 2nd period - Minor Penalty to Carter Verhaeghe for Tripping.
14:28 of 2nd period - David Kampf wins face-off versus Jack Hughes in Rangers zone.
14:38 of 2nd period - Snap shot by Kirill Kaprizov.
14:38 of 2nd period - Stopped by Frederik Andersen without a rebound.
14:39 of 2nd period - David Kampf wins face-off versus Jack Hughes in Rangers zone.
14:39 of 2nd period - David Kampf is hit by Jack Hughes.
16:27 of 2nd period - Penalty to Carter Verhaeghe is over, Carter Verhaeghe is back on ice.
16:48 of 2nd period - Conor Sheary is hit by Ben Harpur and loses puck.
17:53 of 2nd period - Erik Haula is hit by Chandler Stephenson and loses puck.
18:21 of 2nd period - Icing by Adam Pelech.
18:22 of 2nd period - Jesperi Kotkaniemi wins face-off versus Nazem Kadri in Rangers zone.
18:27 of 2nd period - Snap shot by Jack Hughes.
18:27 of 2nd period - Stopped by Frederik Andersen without a rebound.
18:28 of 2nd period - Chandler Stephenson wins face-off versus Jack Hughes in Rangers zone.
18:41 of 2nd period - Snap shot by Roope Hintz.
18:41 of 2nd period - Shot Misses the Net.
Goals for this period are 1 for Kraken vs 0 for Rangers.
Shots for this period are 13 for Kraken vs 3 for Rangers.

3rd period


0:01 of 3rd period - Jack Hughes wins face-off versus Chandler Stephenson in neutral zone.
0:26 of 3rd period - Brandon Montour is hit by Alexander Barabanov.
0:52 of 3rd period - Slapshot by Tanner Pearson.
0:52 of 3rd period - Goal by Tanner Pearson - Kraken : 2 - Rangers : 1.
0:53 of 3rd period - Chandler Stephenson wins face-off versus Jack Hughes in neutral zone.
1:52 of 3rd period - Snap shot by Matias Maccelli.
1:52 of 3rd period - Stopped by Frederik Andersen without a rebound.
1:53 of 3rd period - Jack Hughes wins face-off versus Kyle Connor in Rangers zone.
1:58 of 3rd period - Snap shot by Cole Caufield.
1:58 of 3rd period - Shot Misses the Net.
2:02 of 3rd period - Snap shot by Jack Hughes.
2:02 of 3rd period - Shot Blocked by Erik Karlsson.
2:04 of 3rd period - Snap shot by Cole Caufield.
2:04 of 3rd period - Stopped by Frederik Andersen without a rebound.
2:05 of 3rd period - Jack Hughes wins face-off versus Nazem Kadri in Rangers zone.
2:14 of 3rd period - Slapshot by Alexander Barabanov.
2:14 of 3rd period - Shot Misses the Net.
2:16 of 3rd period - Slapshot by Nick Jensen.
2:16 of 3rd period - Shot Misses the Net.
2:18 of 3rd period - Snap shot by Carter Verhaeghe.
2:18 of 3rd period - Goal by Carter Verhaeghe - Kraken : 2 - Rangers : 2.
2:19 of 3rd period - Chandler Stephenson wins face-off versus Erik Haula in neutral zone.
2:28 of 3rd period - Snap shot by Kyle Connor.
2:28 of 3rd period - Stopped by Laurent Brossoit with a rebound.
2:30 of 3rd period - Slapshot by Adam Pelech.
2:30 of 3rd period - Shot Misses the Net.
2:32 of 3rd period - Wrist shot by Chandler Stephenson.
2:32 of 3rd period - Deflect By Kris Letang.
2:32 of 3rd period - Stopped by Laurent Brossoit without a rebound.
2:33 of 3rd period - Jack Hughes wins face-off versus Nazem Kadri in Kraken zone.
2:48 of 3rd period - Slapshot by Rasmus Andersson.
2:48 of 3rd period - Shot Misses the Net.
2:54 of 3rd period - Marcus Pettersson is hit by Nazem Kadri and loses puck.
3:09 of 3rd period - Snap shot by Kirill Kaprizov.
3:09 of 3rd period - Stopped by Frederik Andersen without a rebound.
3:10 of 3rd period - Chandler Stephenson wins face-off versus Erik Haula in Rangers zone.
3:48 of 3rd period - Jan Rutta is hit by Philip Tomasino and loses puck.
4:03 of 3rd period - Rasmus Andersson is hit by Jesperi Kotkaniemi.
4:07 of 3rd period - Luke Evangelista is hit by Tyler Motte and loses puck.
4:20 of 3rd period - Wrist shot by Carter Verhaeghe.
4:20 of 3rd period - Stopped by Laurent Brossoit without a rebound.
4:21 of 3rd period - Jack Hughes wins face-off versus Nazem Kadri in Kraken zone.
4:38 of 3rd period - Cole Caufield is hit by Carter Verhaeghe and loses puck.
4:45 of 3rd period - Slapshot by Carter Verhaeghe.
4:45 of 3rd period - Stopped by Laurent Brossoit with a rebound.
4:47 of 3rd period - Wrist shot by Carter Verhaeghe.
4:47 of 3rd period - Shot Blocked by Cole Caufield.
4:49 of 3rd period - Slapshot by Alexander Barabanov.
4:49 of 3rd period - Shot Misses the Net.
4:51 of 3rd period - Wrist shot by Alexander Barabanov.
4:51 of 3rd period - Stopped by Laurent Brossoit with a rebound.
4:53 of 3rd period - Slapshot by Rasmus Andersson.
4:53 of 3rd period - Shot Blocked by Marcus Pettersson.
4:55 of 3rd period - Slapshot by Alexander Barabanov.
4:55 of 3rd period - Stopped by Laurent Brossoit with a rebound.
4:57 of 3rd period - Snap shot by Alexander Barabanov.
4:57 of 3rd period - Stopped by Laurent Brossoit with a rebound.
4:59 of 3rd period - Slapshot by Rasmus Andersson.
4:59 of 3rd period - Shot Misses the Net.
5:01 of 3rd period - Wrist shot by Nick Jensen.
5:01 of 3rd period - Shot Misses the Net.
5:03 of 3rd period - Wrist shot by Nazem Kadri.
5:03 of 3rd period - Stopped by Laurent Brossoit with a rebound.
5:05 of 3rd period - Slapshot by Rasmus Andersson.
5:05 of 3rd period - Stopped by Laurent Brossoit with a rebound.
5:07 of 3rd period - Snap shot by Nazem Kadri.
5:07 of 3rd period - Deflect By Brandon Montour.
5:07 of 3rd period - Stopped by Laurent Brossoit without a rebound.
5:08 of 3rd period - Chandler Stephenson wins face-off versus Erik Haula in Kraken zone.
5:43 of 3rd period - Backhand shot by Chandler Stephenson.
5:43 of 3rd period - Shot Blocked by Jon Merrill.
5:55 of 3rd period - Jon Merrill is hit by Chandler Stephenson and loses puck.
6:22 of 3rd period - Minor Penalty to Peyton Krebs for Tripping.
6:23 of 3rd period - Erik Haula wins face-off versus Nazem Kadri in Kraken zone.
8:05 of 3rd period - Kyle Connor is hit by Kirill Kaprizov and loses puck.
8:22 of 3rd period - Penalty to Peyton Krebs is over, Peyton Krebs is back on ice.
8:30 of 3rd period - Rasmus Andersson is hit by Kirill Kaprizov and loses puck.
8:54 of 3rd period - Adam Pelech is hit by Jordan Kyrou and loses puck.
10:25 of 3rd period - Philip Tomasino is hit by Jonathan Marchessault and loses puck.
10:55 of 3rd period - Nick Blankenburg is hit by Noah Dobson and loses puck.
11:30 of 3rd period - David Kampf is hit by Luke Evangelista and loses puck.
13:10 of 3rd period - Tanner Pearson is hit by Dakota Joshua and loses puck.
13:15 of 3rd period - Snap shot by Adam Ruzicka.
13:15 of 3rd period - Shot Misses the Net.
14:44 of 3rd period - Cole Caufield is hit by Nazem Kadri and loses puck.
14:49 of 3rd period - Snap shot by Nazem Kadri.
14:49 of 3rd period - Shot Misses the Net.
14:53 of 3rd period - Snap shot by Alexander Barabanov.
14:53 of 3rd period - Shot Blocked by Brandon Montour.
14:55 of 3rd period - Snap shot by Rasmus Andersson.
14:55 of 3rd period - Stopped by Laurent Brossoit with a rebound.
15:01 of 3rd period - Snap shot by Carter Verhaeghe.
15:01 of 3rd period - Stopped by Laurent Brossoit with a rebound.
15:03 of 3rd period - Wrist shot by Nazem Kadri.
15:03 of 3rd period - Shot Misses the Net.
15:05 of 3rd period - Slapshot by Nick Jensen.
15:05 of 3rd period - Shot Misses the Net.
15:35 of 3rd period - Kirill Kaprizov is hit by Rasmus Andersson and loses puck.
15:50 of 3rd period - Jon Merrill is hit by Adam Pelech and loses puck.
16:05 of 3rd period - Kirill Kaprizov is hit by Nazem Kadri and loses puck.
16:17 of 3rd period - Cole Caufield is hit by Nazem Kadri and loses puck.
16:24 of 3rd period - Erik Karlsson is hit by Kirill Kaprizov and loses puck.
16:31 of 3rd period - Jack Hughes is hit by Nazem Kadri and loses puck.
16:45 of 3rd period - Nick Jensen is hit by Cole Caufield and loses puck.
16:57 of 3rd period - Kirill Kaprizov is hit by Nazem Kadri and loses puck.
17:20 of 3rd period - Cole Caufield is hit by Nazem Kadri and loses puck.
17:27 of 3rd period - Snap shot by Nazem Kadri.
17:27 of 3rd period - Stopped by Laurent Brossoit without a rebound.
17:28 of 3rd period - Philip Tomasino wins face-off versus Jesperi Kotkaniemi in Kraken zone.
17:29 of 3rd period - Wrist shot by Arthur Kaliyev.
17:29 of 3rd period - Deflect By Brandon Montour.
17:29 of 3rd period - Shot Blocked by Luke Evangelista.
17:29 of 3rd period - Puck is out of play.
17:30 of 3rd period - Arthur Kaliyev wins face-off versus Jesperi Kotkaniemi in Kraken zone.
17:43 of 3rd period - Wrist shot by Matias Maccelli.
17:43 of 3rd period - Stopped by Frederik Andersen with a rebound.
18:09 of 3rd period - Wrist shot by Roope Hintz.
18:09 of 3rd period - Stopped by Laurent Brossoit without a rebound.
18:10 of 3rd period - Chandler Stephenson wins face-off versus Erik Haula in Kraken zone.
18:21 of 3rd period - Snap shot by Roope Hintz.
18:21 of 3rd period - Stopped by Laurent Brossoit with a rebound.
18:23 of 3rd period - Slapshot by Adam Pelech.
18:23 of 3rd period - Deflect By Kyle Connor.
18:23 of 3rd period - Stopped by Laurent Brossoit with a rebound.
19:12 of 3rd period - Minor Penalty to Rasmus Andersson for Holding.
19:13 of 3rd period - David Kampf wins face-off versus Matias Maccelli in Rangers zone.
19:48 of 3rd period - Wrist shot by Jesperi Kotkaniemi.
19:48 of 3rd period - Shot Misses the Net.
Goals for this period are 1 for Kraken vs 1 for Rangers.
Shots for this period are 5 for Kraken vs 17 for Rangers.

Overtime #1


0:01 of 1st overtime period - David Kampf wins face-off versus Jack Hughes in neutral zone.
0:06 of 1st overtime period - Slapshot by Adam Pelech.
0:06 of 1st overtime period - Shot Misses the Net.
1:12 of 1st overtime period - Penalty to Rasmus Andersson is over, Rasmus Andersson is back on ice.
1:29 of 1st overtime period - Snap shot by Nazem Kadri.
1:29 of 1st overtime period - Stopped by Laurent Brossoit with a rebound.
1:43 of 1st overtime period - Snap shot by Carter Verhaeghe.
1:43 of 1st overtime period - Stopped by Laurent Brossoit with a rebound.
1:45 of 1st overtime period - Slapshot by Alexander Barabanov.
1:45 of 1st overtime period - Stopped by Laurent Brossoit with a rebound.
1:47 of 1st overtime period - Slapshot by Noah Dobson.
1:47 of 1st overtime period - Stopped by Laurent Brossoit with a rebound.
1:49 of 1st overtime period - Wrist shot by Carter Verhaeghe.
1:49 of 1st overtime period - Shot Misses the Net.
1:51 of 1st overtime period - Slapshot by Noah Dobson.
1:51 of 1st overtime period - Stopped by Laurent Brossoit with a rebound.
1:53 of 1st overtime period - Wrist shot by Alexander Barabanov.
1:53 of 1st overtime period - Deflect By Kris Letang.
1:53 of 1st overtime period - Shot Misses the Net.
1:53 of 1st overtime period - Puck is out of play.
1:54 of 1st overtime period - Nazem Kadri wins face-off versus Jack Hughes in Kraken zone.
2:30 of 1st overtime period - Slapshot by Nick Jensen.
2:30 of 1st overtime period - Stopped by Laurent Brossoit without a rebound.
2:31 of 1st overtime period - Nazem Kadri wins face-off versus Jack Hughes in Kraken zone.
2:38 of 1st overtime period - Wrist shot by Kirill Kaprizov.
2:38 of 1st overtime period - Stopped by Frederik Andersen with a rebound.
2:40 of 1st overtime period - Wrist shot by Jack Hughes.
2:40 of 1st overtime period - Goal by Jack Hughes - Kraken : 3 - Rangers : 2.
Goals for this period are 1 for Kraken vs 0 for Rangers.
Shots for this period are 2 for Kraken vs 6 for Rangers.